TOP OF THE 1ST |
Springfield Cardinals batting - Pitching for Tulsa Drillers : RHP Tyler Jones
|
Pitching: RHP Tyler Jones
|
|
Batting: RHB Chad Gutshall
|
0-0: Ball 1-0: Swinging Strike 1-1: Ball 2-1: Ball 3-1: Ground out 6-3 (Groundball, 6, EV 88.1 MPH)
|
Batting: RHB Pat Ingles
|
0-0: Ball 1-0: Foul Ball, location: 9LDF 1-1: Swinging Strike 1-2: Fly out, F7 (Flyball, 7S, EV 93.8 MPH)
|
Batting: RHB Carlos Rivera
|
0-0: SINGLE (Groundball, 6MD, EV 108.8 MPH)
|
Batting: RHB Justin Dupree
|
0-0: Swinging Strike 0-1: Swinging Strike 0-2: Fly out, F7 (Flyball, 7, EV 96.3 MPH)
|
Top of the 1st over - 0 runs, 1 hit, 0 errors, 1 left on base; Springfield 0 - Tulsa 0 |
BOTTOM OF THE 1ST |
Tulsa Drillers batting - Pitching for Springfield Cardinals : RHP David Hedblom
|
Pitching: RHP David Hedblom
|
|
Batting: LHB Greg Stevens
|
0-0: Ball 1-0: SOLO HOME RUN (Flyball, 89XD, EV 99.4 MPH), Distance : 377 ft
|
Batting: RHB Tony Alvarez
|
0-0: Called Strike 0-1: Fly out, F7 (Flyball, 78D, EV 86.9 MPH)
|
Batting: SHB Bob Porter
|
0-0: Ball 1-0: Ball 2-0: Ball 3-0: Called Strike 3-1: Foul Ball, location: 23FF 3-2: Foul Ball, location: 7LDF 3-2: Base on Balls
|
Batting: RHB Danny Diaz
|
0-0: 2-RUN HOME RUN (Flyball, 7LD, EV 92.5 MPH), Distance : 326 ft
|
Batting: RHB Raul Vara
|
0-0: Ball 1-0: Foul Ball, location: 5F 1-1: Ball 2-1: Swinging Strike 2-2: Strikes out swinging
|
Batting: LHB Greg Thompson
|
0-0: Ball 1-0: Ball 2-0: Ground out U3 (Groundball, 3L, EV 102.5 MPH)
|
Bottom of the 1st over - 3 runs, 2 hits, 0 errors, 0 left on base; Springfield 0 - Tulsa 3 |
TOP OF THE 2ND |
Springfield Cardinals batting - Pitching for Tulsa Drillers : RHP Tyler Jones
|
Batting: RHB Wilson Salgado
|
0-0: Called Strike 0-1: Fly out, F8 (Flyball, 8RD, EV 90.6 MPH)
|
Batting: SHB Nelson Empasis
|
0-0: Called Strike 0-1: Ball 1-1: Ball 2-1: SINGLE (Flyball, 56D, EV 91.3 MPH)
|
Batting: RHB Josh Jones
|
0-0: Ball 1-0: Called Strike 1-1: Called Strike 1-2: Ball 2-2: Foul Ball, location: 9LSF 2-2: Grounds into double play, 4-6-3 (Groundball, 4, EV 87.5 MPH)
|
Top of the 2nd over - 0 runs, 1 hit, 0 errors, 0 left on base; Springfield 0 - Tulsa 3 |
BOTTOM OF THE 2ND |
Tulsa Drillers batting - Pitching for Springfield Cardinals : RHP David Hedblom
|
Batting: LHB Aaron Himebauch
|
0-0: Ball 1-0: SOLO HOME RUN (Flyball, 89XD, EV 99.4 MPH), Distance : 371 ft
|
Batting: RHB Bryan Peters
|
0-0: Fly out, F8 (Flyball, 8LS, EV 76.3 MPH)
|
Batting: RHB Ruben Alvarez
|
0-0: Ball 1-0: Ball 2-0: Ball 3-0: Base on Balls
|
Batting: LHB Greg Stevens
|
0-0: Ball 1-0: Ball 2-0: Foul Ball, location: 2F 2-1: Called Strike 2-2: Ball 3-2: Foul Ball, location: 2F 3-2: Grounds into double play, 4-6-3 (Groundball, 4, EV 104.4 MPH)
|
Bottom of the 2nd over - 1 run, 1 hit, 0 errors, 0 left on base; Springfield 0 - Tulsa 4 |
TOP OF THE 3RD |
Springfield Cardinals batting - Pitching for Tulsa Drillers : RHP Tyler Jones
|
Batting: RHB Ricardo Lopez
|
0-0: Called Strike 0-1: Ball 1-1: Swinging Strike 1-2: Strikes out looking
|
Batting: SHB Seiji Miyazaki
|
0-0: Ball 1-0: SOLO HOME RUN (Flyball, 9LD, EV 88.8 MPH), Distance : 335 ft
|
Batting: RHB Chad Gutshall
|
0-0: Called Strike 0-1: Ball 1-1: Ground out 5-3 (Groundball, 56S, EV 81.9 MPH)
|
Batting: RHB Pat Ingles
|
0-0: Ball 1-0: Swinging Strike 1-1: Ball 2-1: Ground out 4-3 (Groundball, 4, EV 82.5 MPH)
|
Top of the 3rd over - 1 run, 1 hit, 0 errors, 0 left on base; Springfield 1 - Tulsa 4 |
BOTTOM OF THE 3RD |
Tulsa Drillers batting - Pitching for Springfield Cardinals : RHP David Hedblom
|
Batting: RHB Tony Alvarez
|
0-0: Ball 1-0: Swinging Strike 1-1: SINGLE (Groundball, 5D, EV 100.0 MPH)
|
Batting: SHB Bob Porter
|
0-0: Ball Tony Alvarez steals 2nd base 1-0: Ball 2-0: Fly out, F7 (Line Drive, 7, EV 88.8 MPH)
|
Batting: RHB Danny Diaz
|
0-0: Called Strike 0-1: Ball 1-1: DOUBLE (Line Drive, 78D, EV 107.5 MPH) Tony Alvarez scores
|
Batting: RHB Raul Vara
|
0-0: Ball 1-0: Ball 2-0: Foul Ball, location: 2F 2-1: Ball Wild Pitch! Danny Diaz to third 3-1: Swinging Strike 3-2: Foul Ball, location: 9LDF 3-2: Foul Ball, location: 3FF 3-2: SINGLE (Line Drive, 9S, EV 93.1 MPH) Danny Diaz scores
|
Batting: LHB Greg Thompson
|
0-0: Grounds into double play, 1-4-3 (Groundball, 25, EV 72.5 MPH)
|
Bottom of the 3rd over - 2 runs, 3 hits, 0 errors, 0 left on base; Springfield 1 - Tulsa 6 |
TOP OF THE 4TH |
Springfield Cardinals batting - Pitching for Tulsa Drillers : RHP Tyler Jones
|
Batting: RHB Carlos Rivera
|
0-0: Called Strike 0-1: Ball 1-1: Ground out 6-3 (Groundball, P, EV 86.9 MPH)
|
Batting: RHB Justin Dupree
|
0-0: Called Strike 0-1: Called Strike 0-2: Ball 1-2: Foul Ball, location: 5F 1-2: Fly out, F7 (Flyball, 78M, EV 81.3 MPH)
|
Batting: RHB Wilson Salgado
|
0-0: Ball 1-0: Called Strike 1-1: Foul Ball, location: 5FF 1-2: Strikes out swinging
|
Top of the 4th over - 0 runs, 0 hits, 0 errors, 0 left on base; Springfield 1 - Tulsa 6 |
BOTTOM OF THE 4TH |
Tulsa Drillers batting - Pitching for Springfield Cardinals : RHP David Hedblom
|
Batting: LHB Aaron Himebauch
|
0-0: Ball 1-0: Ball 2-0: Called Strike 2-1: Foul Ball, location: 2F 2-2: Fly out, F9 (Flyball, 9, EV 96.3 MPH)
|
Pitching: RHP Eduardo Cores
|
|
Batting: RHB Bryan Peters
|
0-0: Called Strike 0-1: Called Strike 0-2: Strikes out swinging
|
Batting: RHB Ruben Alvarez
|
0-0: Ball 1-0: SINGLE (Line Drive, 6MD, EV 99.4 MPH)
|
Batting: LHB Greg Stevens
|
0-0: Ball 1-0: Ball 2-0: Called Strike 2-1: Called Strike Ruben Alvarez steals 2nd base 2-2: SINGLE (Line Drive, 3D, EV 99.4 MPH) Ruben Alvarez to third
|
Batting: RHB Tony Alvarez
|
0-0: Swinging Strike 0-1: Ball 1-1: Ball 2-1: Ground out 5-3 (Groundball, 56S, EV 60.0 MPH)
|
Bottom of the 4th over - 0 runs, 2 hits, 0 errors, 2 left on base; Springfield 1 - Tulsa 6 |
TOP OF THE 5TH |
Springfield Cardinals batting - Pitching for Tulsa Drillers : RHP Tyler Jones
|
Batting: SHB Nelson Empasis
|
0-0: Ball 1-0: Ball 2-0: Fly out, F9 (Line Drive, 9, EV 93.1 MPH)
|
Batting: RHB Josh Jones
|
0-0: Ball 1-0: SINGLE (Line Drive, 7S, EV 90.0 MPH)
|
Batting: RHB Ricardo Lopez
|
0-0: Called Strike Josh Jones steals 2nd base 0-1: Foul Ball, location: 9LDF 0-2: Strikes out swinging
|
Batting: SHB Seiji Miyazaki
|
0-0: Ball 1-0: Fly out, F9 (Flyball, 9LSF, EV 98.1 MPH)
|
Top of the 5th over - 0 runs, 1 hit, 0 errors, 1 left on base; Springfield 1 - Tulsa 6 |
BOTTOM OF THE 5TH |
Tulsa Drillers batting - Pitching for Springfield Cardinals : RHP Eduardo Cores
|
Batting: SHB Bob Porter
|
0-0: Ball 1-0: Ball 2-0: Called Strike 2-1: Foul Ball, location: 7LSF 2-2: Ball 3-2: Base on Balls
|
Batting: RHB Danny Diaz
|
0-0: Swinging Strike 0-1: Swinging Strike 0-2: Ball 1-2: Ball 2-2: Strikes out swinging
|
Batting: RHB Raul Vara
|
0-0: Called Strike 0-1: Called Strike 0-2: Ball 1-2: Grounds into double play, 6-4-3 (Groundball, 6, EV 87.5 MPH)
|
Bottom of the 5th over - 0 runs, 0 hits, 0 errors, 0 left on base; Springfield 1 - Tulsa 6 |
TOP OF THE 6TH |
Springfield Cardinals batting - Pitching for Tulsa Drillers : RHP Tyler Jones
|
Batting: RHB Chad Gutshall
|
0-0: Called Strike 0-1: Called Strike 0-2: Ball 1-2: SINGLE (Groundball, 6MD, EV 107.5 MPH)
|
Batting: RHB Pat Ingles
|
0-0: Foul Ball, location: 5F 0-1: Swinging Strike 0-2: DOUBLE (Line Drive, 89M, EV 103.1 MPH) Chad Gutshall to third
|
Batting: RHB Carlos Rivera
|
0-0: Called Strike 0-1: SINGLE (Line Drive, 89S, EV 88.1 MPH) Chad Gutshall scores Pat Ingles to third Runner from 3rd tries for Home, SAFE, throw by RF to home
|
Batting: RHB Justin Dupree
|
0-0: Foul Ball, location: 3FF 0-1: Ball 1-1: Swinging Strike 1-2: Fly out, F9 (Flyball, 9S, EV 88.1 MPH)
|
Batting: RHB Wilson Salgado
|
0-0: Called Strike 0-1: Called Strike 0-2: Ball 1-2: Grounds into double play, 6-4-3 (Groundball, 6S, EV 88.1 MPH)
|
Top of the 6th over - 2 runs, 3 hits, 0 errors, 0 left on base; Springfield 3 - Tulsa 6 |
BOTTOM OF THE 6TH |
Tulsa Drillers batting - Pitching for Springfield Cardinals : RHP Eduardo Cores
|
Batting: LHB Greg Thompson
|
0-0: Ball 1-0: Ball 2-0: Foul Ball, location: 5F 2-1: Ground out 4-3 (Groundball, 4, EV 76.9 MPH)
|
Batting: LHB Aaron Himebauch
|
0-0: Ball 1-0: Fly out, F4 (Popup, 34D, EV 48.1 MPH)
|
Batting: RHB Bryan Peters
|
0-0: Called Strike 0-1: Swinging Strike 0-2: Strikes out swinging
|
Bottom of the 6th over - 0 runs, 0 hits, 0 errors, 0 left on base; Springfield 3 - Tulsa 6 |
TOP OF THE 7TH |
Springfield Cardinals batting - Pitching for Tulsa Drillers : RHP Tyler Jones
|
Batting: SHB Nelson Empasis
|
0-0: Fly out, F7 (Flyball, 7D, EV 91.3 MPH)
|
Batting: RHB Josh Jones
|
0-0: Swinging Strike 0-1: Fly out, F8 (Flyball, 8LD, EV 111.9 MPH)
|
Batting: RHB Ricardo Lopez
|
0-0: Ball 1-0: Swinging Strike 1-1: Fly out, F7 (Flyball, 78S, EV 84.4 MPH)
|
Top of the 7th over - 0 runs, 0 hits, 0 errors, 0 left on base; Springfield 3 - Tulsa 6 |
BOTTOM OF THE 7TH |
Tulsa Drillers batting - Pitching for Springfield Cardinals : RHP Eduardo Cores
|
Batting: RHB Ruben Alvarez
|
0-0: Swinging Strike 0-1: Foul Ball, location: 3F 0-2: Strikes out swinging
|
Batting: LHB Greg Stevens
|
0-0: Called Strike 0-1: Ball 1-1: Foul Ball, location: 5DF 1-2: Foul Ball, location: 2F 1-2: Strikes out swinging
|
Batting: RHB Tony Alvarez
|
0-0: Called Strike 0-1: Foul Ball, location: 5F 0-2: Foul Ball, location: 5F 0-2: Ball 1-2: Ground out 5-3 (Groundball, 56, EV 108.1 MPH)
|
Bottom of the 7th over - 0 runs, 0 hits, 0 errors, 0 left on base; Springfield 3 - Tulsa 6 |
TOP OF THE 8TH |
Springfield Cardinals batting - Pitching for Tulsa Drillers : RHP Tyler Jones
|
Now at SS: Alex Diaz
|
|
Batting: SHB Seiji Miyazaki
|
0-0: Ball 1-0: Ground out 4-3 (Groundball, 4, EV 81.9 MPH)
|
Batting: RHB Chad Gutshall
|
0-0: Foul Ball, location: 9LMF 0-1: Ball 1-1: Ball 2-1: Ball 3-1: Called Strike 3-2: SINGLE (Flyball, 8RS, EV 88.8 MPH)
|
Batting: RHB Pat Ingles
|
0-0: Called Strike 0-1: 2-RUN HOME RUN (Flyball, 9D, EV 100.6 MPH), Distance : 356 ft
|
Pitching: LHP Elias Olivares
|
|
Batting: RHB Carlos Rivera
|
0-0: Foul Ball, location: 5DF 0-1: Called Strike 0-2: Ball 1-2: Foul Ball, location: 2F 1-2: Ball 2-2: Ball 3-2: Ground out 4-3 (Groundball, 4, EV 89.4 MPH)
|
Batting: RHB Justin Dupree
|
0-0: Ball 1-0: Called Strike 1-1: Foul Ball, location: 7LMF 1-2: Ball 2-2: Ball 3-2: Foul Ball, location: 7LSF 3-2: Strikes out swinging
|
Top of the 8th over - 2 runs, 2 hits, 0 errors, 0 left on base; Springfield 5 - Tulsa 6 |
BOTTOM OF THE 8TH |
Tulsa Drillers batting - Pitching for Springfield Cardinals : RHP Eduardo Cores
|
Batting: SHB Bob Porter
|
0-0: Fly out, F8 (Flyball, 89M, EV 96.3 MPH)
|
Batting: RHB Danny Diaz
|
0-0: Ball 1-0: Called Strike 1-1: Foul Ball, location: 9LMF 1-2: Ball 2-2: Foul Ball, location: 9LSF 2-2: Ground out 5-3 (Groundball, 56, EV 89.4 MPH)
|
Batting: RHB Raul Vara
|
0-0: Foul Ball, location: 2F 0-1: Ball 1-1: Ball 2-1: Foul Ball, location: 3F 2-2: Ball 3-2: Fly out, F9 (Flyball, 9LSF, EV 80.6 MPH)
|
Bottom of the 8th over - 0 runs, 0 hits, 0 errors, 0 left on base; Springfield 5 - Tulsa 6 |
TOP OF THE 9TH |
Springfield Cardinals batting - Pitching for Tulsa Drillers : LHP Elias Olivares
|
Now in RF: Kevin Pirro
|
|
Batting: RHB Wilson Salgado
|
0-0: Ball 1-0: Ball 2-0: Ball 3-0: Base on Balls
|
Batting: SHB Nelson Empasis
|
0-0: Called Strike 0-1: Called Strike 0-2: Ball 1-2: Ball 2-2: Strikes out swinging
|
Pitching: LHP Chris Sherwood
|
|
Batting: RHB Josh Jones
|
0-0: Called Strike 0-1: Fielders Choice at 2nd, 1-6 (Groundball, 13S, EV 67.5 MPH)
|
Batting: RHB Ricardo Lopez
|
0-0: Ball 1-0: DOUBLE (Flyball, 78XD, EV 98.8 MPH) Josh Jones to third Runner from 3rd tries for Home, SAFE, no throw by LF
|
Batting: SHB Seiji Miyazaki
|
0-0: Ball 1-0: Swinging Strike 1-1: Ball 2-1: Swinging Strike 2-2: Foul Ball, location: 2F 2-2: Ball 3-2: Ground out 6-3 (Groundball, 6MS, EV 83.8 MPH)
|
Top of the 9th over - 1 run, 1 hit, 0 errors, 1 left on base; Springfield 6 - Tulsa 6 |
BOTTOM OF THE 9TH |
Tulsa Drillers batting - Pitching for Springfield Cardinals : RHP Eduardo Cores
|
Pitching: RHP Raul Delgado
|
|
Now at 2B: Jason Williams
|
|
Pinch Hitting: RHB Victor de la Rosa
|
0-0: Ball 1-0: Swinging Strike 1-1: Ball 2-1: Foul Ball, location: 7LSF 2-2: Ground out 5-3 (Groundball, 56, EV 89.4 MPH)
|
Batting: LHB Aaron Himebauch
|
0-0: Foul Ball, location: 25FF 0-1: Called Strike 0-2: Strikes out swinging
|
Pinch Hitting: LHB Chris Taylor
|
0-0: Ball 1-0: Foul Ball, location: 3F 1-1: Swinging Strike 1-2: Strikes out looking
|
Bottom of the 9th over - 0 runs, 0 hits, 0 errors, 0 left on base; Springfield 6 - Tulsa 6 |
TOP OF THE 10TH |
Springfield Cardinals batting - Pitching for Tulsa Drillers : LHP Chris Sherwood
|
Seiji Miyazaki starts the inning at 2nd base.
|
|
Now at SS: Bob Porter
|
|
Now in LF: Chris Taylor
|
|
Now in CF: Pete Wilson
|
|
Now in RF: Greg Stevens
|
|
Batting: RHB Chad Gutshall
|
0-0: Ball 1-0: Fly out, F8 (Flyball, 8RM, EV 95.6 MPH) Runner from 2nd tags up, SAFE at 3rd with throw by CF
|
Batting: RHB Pat Ingles
|
0-0: Fly out, F9 (Flyball, 9, EV 82.5 MPH) Runner from 3rd tags up, SCORES, no throw by RF
|
Batting: RHB Carlos Rivera
|
0-0: Fly out, F6 (Popup, 6MS, EV 70.0 MPH)
|
Top of the 10th over - 1 run, 0 hits, 0 errors, 0 left on base; Springfield 7 - Tulsa 6 |
BOTTOM OF THE 10TH |
Tulsa Drillers batting - Pitching for Springfield Cardinals : RHP Raul Delgado
|
Chris Taylor starts the inning at 2nd base.
|
|
Batting: RHB Ruben Alvarez
|
0-0: Ground out 4-3 (Groundball, 4, EV 90.0 MPH) Chris Taylor to third
|
Batting: LHB Greg Stevens
|
0-0: Ball 1-0: Swinging Strike 1-1: Ball 2-1: Called Strike 2-2: Strikes out swinging
|
Pinch Hitting: LHB Jared Coffin
|
0-0: Ball 1-0: Ball 2-0: Swinging Strike 2-1: Ball 3-1: Base on Balls
|
Batting: SHB Bob Porter
|
0-0: Ball 1-0: Swinging Strike 1-1: Ball 2-1: 3-RUN HOME RUN (Flyball, 9D, EV 93.8 MPH), Distance : 345 ft
|
Bottom of the 10th over - 3 runs, 1 hit, 0 errors, 0 left on base; Springfield 7 - Tulsa 9 |
|